 Dungeon Crawl Stone Soup version 0.27-a0-920-gb2bd10914a (webtiles) character file.

Game seed: 14291068360985962270

12905 Lanoc the Fighter (level 12, -12/100 HPs)
             Began as a Barachi Fighter on Apr 9, 2021.
             Was an Elder of Kikubaaqudgha.
             Mangled by a troll (23 damage)
             ... on level 10 of the Dungeon.
             The game lasted 00:23:50 (16777 turns).

Lanoc the Fighter (Barachi Fighter)                Turns: 16777, Time: 00:23:51

Health: -12/100    AC: 11    Str: 23    XL:     12   Next: 0%
Magic:  5/12       EV: 17    Int: 11    God:    Kikubaaqudgha [****..]
Gold:   691        SH:  0    Dex: 17    Spells: 3/11 levels left

rFire    . . .     SeeInvis .   a - +4 quarterstaff (chaos)
rCold    + + .     Faith    .   (shield currently unavailable)
rNeg     . . .     Spirit   .   m - +0 acid dragon scales
rPois    +         Reflect  .   (no helmet)
rElec    .         Harm     .   r - +0 cloak {rPois}
rCorr    +         Rampage  .   (no gloves)
Will     .....                  N - +2 pair of boots
Stlth    +.........             x - amulet "Nishemiq" {RegenMP Drain Fly rC+ Dex+2}
HPRegen  0.26/turn              t - ring of protection from cold
MPRegen  0.38/turn              B - +6 ring of strength

@: flying, slow
A: +LOS, amphibious, slowness 1, strong legs 1
a: Hop, Renounce Religion, Receive Corpses


You were on level 10 of the Dungeon.
You worshipped Kikubaaqudgha.
Kikubaaqudgha was greatly pleased with you.
You visited 2 branches of the dungeon, and saw 11 of its levels.
You also visited: Sewer.

You collected 908 gold pieces.
You spent 217 gold pieces at shops.

Inventory:

Hand Weapons
 a - a +4 quarterstaff of chaos (weapon)
 h - a +2 dagger of pain
Missiles
 L - 8 atropa-tipped darts (quivered)
Armour
 c - a +0 kite shield
 m - +0 acid dragon scales (worn)
 r - a +0 cloak of poison resistance (worn)
 N - a +2 pair of boots (worn)
Jewellery
 d - a ring of protection from fire
 e - an amulet of the acrobat
 t - a ring of protection from cold (left hand)
 x - the amulet "Nishemiq" (around neck) {RegenMP Drain Fly rC+ Dex+2}
   (You found it on level 5 of the Dungeon)

   [amulet of magic regeneration]

   It increases your rate of magic regeneration.
   It affects your dexterity (+2).
   It protects you from cold.
   It grants you flight.
   It drains your maximum health when unequipped.
 A - a ring of protection from fire
 B - a +6 ring of strength (right hand)
 M - a +6 ring of dexterity
Wands
 H - a wand of mindburst (13)
 J - a wand of paralysis (19)
Scrolls
 b - a scroll of holy word {unknown}
 k - 8 scrolls of teleportation
 l - 3 scrolls of fear {unknown}
 n - 2 scrolls of silence {unknown}
 s - 2 scrolls of enchant armour {unknown}
 v - 2 scrolls of brand weapon {unknown}
 w - 2 scrolls of magic mapping
 y - a scroll of enchant weapon {unknown}
 z - 2 scrolls of vulnerability {unknown}
 D - a scroll of blinking {unknown}
 F - 2 scrolls of fog {unknown}
 K - 3 scrolls of noise
Potions
 f - 2 potions of haste
 g - a potion of magic
 i - a potion of heal wounds
 j - 2 potions of mutation
 o - 4 potions of curing
 p - a potion of berserk rage
 q - 2 potions of brilliance
 E - a potion of cancellation
 I - 2 potions of lignification {unknown}
 O - a potion of might


   Skills:
 + Level 11.6 Fighting
 - Level 4.5 Long Blades
 - Level 4.5 Armour
 + Level 10.1 Dodging
 - Level 4.0 Shields
 * Level 11.6 Necromancy


You had 3 spell levels left.
You knew the following spells:

 Your Spells              Type           Power      Damage    Failure   Level
a - Pain                  Necr           100%       1d9       1%          1
b - Vampiric Draining     Necr           12%        2d7       1%          3
c - Animate Dead          Necr           12%        N/A       3%          4

Your spell library contained the following spells:

 Spells                   Type           Power      Damage    Failure   Level
 Sublimation of Blood     Necr           12%        N/A       1%          2
 Corpse Rot               Necr/Air       N/A        N/A       6%          2
 Beastly Appendage        Tmut           0%         N/A       41%         1
 Foxfire                  Conj/Fire      0%         2x1d4     41%         1
 Summon Small Mammal      Summ           0%         N/A       41%         1
 Call Imp                 Summ           0%         N/A       54%         2
 Wereblood                Tmut           0%         N/A       54%         2
 Call Canine Familiar     Summ           0%         N/A       78%         3
 Conjure Flame            Conj/Fire      0%         6-21      78%         3
 Inner Flame              Hex/Fire       0%         N/A       78%         3
 Spider Form              Tmut/Pois      0%         N/A       78%         3
 Summon Guardian Golem    Hex/Summ       0%         N/A       78%         3
 Dispel Undead            Necr           25%        3d12      3%          4
 Death Channel            Necr           12%        N/A       50%         6
 Borgnjor's Vile Clutch   Necr/Erth      6%         N/A       75%         5
 Ice Form                 Ice/Tmut       0%         N/A       99%         4
 Sticky Flame             Conj/Fire      0%         2d3       99%         4
 Summon Ice Beast         Ice/Summ       0%         N/A       99%         4
 Summon Lightning Spire   Summ/Air       0%         N/A       99%         4
 Simulacrum               Ice/Necr       6%         N/A       99%         6
 Fireball                 Conj/Fire      0%         3d3       100%        5
 Hydra Form               Tmut           0%         N/A       100%        5


Dungeon Overview and Level Annotations

Branches:
Dungeon (10/15)            Temple (1/1) D:4           Sewer (visited)
   Lair: D:8-11         Orc: D:9-12

Altars:
Elyvilon
Fedhas
Gozag
Kikubaaqudgha
Makhleb
Nemelex Xobeh
Okawaru
Qazlal
Ru
Sif Muna
Trog
Xom
The Shining One

Shops:
D:4 (   D:6 ?


Innate Abilities, Weirdness & Mutations

You can be seen from farther away. (+LOS)
You are amphibious.
You cover ground slowly.
You can hop short distances.


Message History

You are too injured to fight recklessly!
Casting: Animate Dead (dangerous; 3% risk of failure)
Confirm with . or Enter, or press ? or * to list all spells.
Aiming: Vampiric Draining (safe; 1% risk of failure)
Press: ? - help, Shift-Dir - straight line, f - troll
Aim: a troll (moderately wounded, very poisoned)
You draw life force from the troll!
You feel life coursing into your body.
The troll closely misses you. x2; The troll barely misses you.
Casting: Vampiric Draining (safe; 1% risk of failure)
Confirm with . or Enter, or press ? or * to list all spells.
Aiming: Vampiric Draining (safe; 1% risk of failure)
Press: ? - help, Shift-Dir - straight line, f/p - troll
Aim: a troll (heavily wounded, very poisoned)
You draw life force from the troll!
You feel life coursing into your body. The troll closely misses you.
The troll misses you. The troll completely misses you.
You hit the troll.
The troll goes berserk!
The troll is almost dead.
The troll closely misses you. x2; The troll barely misses you.
The troll bites you. The troll closely misses you. The troll claws you!
You closely miss the troll.
The troll is almost dead.
The troll misses you. The troll barely misses you.
The troll closely misses you. The troll bites you!!
* * * LOW HITPOINT WARNING * * *
The troll closely misses you. The troll misses you.
Casting: Vampiric Draining (safe; 1% risk of failure)
Confirm with . or Enter, or press ? or * to list all spells.
Aiming: Vampiric Draining (safe; 1% risk of failure)
Press: ? - help, Shift-Dir - straight line, f/p - troll
Aim: a troll (almost dead, berserk, very poisoned)
You draw life force from the troll!
You feel life coursing into your body. The troll barely misses you.
The troll claws you.
* * * LOW HITPOINT WARNING * * *
The troll claws you but does no damage.
You barely miss the troll.
The troll is almost dead.
The troll bites you!!
You die...
Kikubaaqudgha rasps: "You have failed me!
Welcome... death!"

######################
#...T@)....)..........
#(####################
##########.#####
#..................
###...[.##.....o.....
))....o.##.......T...
###.....##.....o.....
#.....#####........
#.....#### #.......


You could see a troll (berserk, very poisoned).

Vanquished Creatures
  A hydra (D:9)
  2 two-headed ogres
  A tengu warrior (D:9)
  Pikel (D:8)
  An ugly thing (D:9)
  4 centaur zombies (D:10)
  Joseph (D:8)
  A kobold demonologist (D:10)
  Grinder (D:4)
  A hornet (D:10)
  A shadow (D:10)
  A wraith (D:9)
  3 wyverns
  12 yaks
  A basilisk (D:9)
  Menkaure (D:6)
  2 steam dragons (D:6)
  An acid dragon (D:10)
  A water moccasin (D:7)
  A sky beast (D:8)
  An ice beast (D:8)
  5 orc warriors
  2 necrophages (D:6)
  2 ogres (D:6)
  2 phantoms
  5 centaurs
  7 kobold brigands
  2 bullfrogs
  A wyvern zombie (D:5)
  3 gnoll sergeants
  A wyvern skeleton (D:7)
  7 killer bees
  3 wights (D:9)
  4 howler monkeys
  2 bullfrog zombies (D:6)
  5 hounds
  2 jellies
  A bullfrog skeleton (D:6)
  7 orc priests
  Crazy Yiuf (D:3)
  Natasha (D:2)
  2 iguanas
  6 orc wizards
  2 killer bee zombies (D:8)
  A hound skeleton (D:4)
  15 gnolls
  14 adders
  3 white imps
  An adder zombie (D:5)
  2 worms (Sewer)
  3 dart slugs
  36 orcs
  8 ball pythons
  3 bats (D:2)
  12 endoplasms
  5 giant cockroaches
  4 goblins
  6 hobgoblins
  5 jackals
  24 kobolds
  3 quokkas
  3 frilled lizards (D:1)
  10 rats
270 creatures vanquished.

Vanquished Creatures (others)
  A gnoll (D:7)
1 creature vanquished.

Grand Total: 271 creatures vanquished

Notes
Turn   | Place    | Note
-------+----------+-------------------------------------------
     0 | D:1      | Lanoc the Barachi Fighter began the quest for the Orb.
     0 | D:1      | Reached XP level 1. HP: 18/18 MP: 1/1
    28 | D:1      | Reached XP level 2. HP: 14/25 MP: 2/2
   700 | D:1      | Reached XP level 3. HP: 19/30 MP: 3/3
  1607 | D:2      | Reached skill level 1 in Dodging
  1809 | D:2      | Reached XP level 4. HP: 30/37 MP: 4/4
  2570 | D:2      | Reached XP level 5. HP: 31/42 MP: 5/5
  2702 | D:3      | Noticed Natasha
  2719 | D:2      | Killed Natasha
  3122 | D:3      | Found a faded altar of an unknown god.
  3142 | D:3      | Became a worshipper of Kikubaaqudgha
  3142 | D:3      | Reached * piety under Kikubaaqudgha
  3142 | D:3      | Identified Kikubaaqudgha's Handbook of Sinister Rituals
                  | (Kikubaaqudgha gifted it to you on level 3 of the Dungeon)
  3142 | D:3      | Received a gift from Kikubaaqudgha
  3148 | D:3      | Learned a level 3 spell: Vampiric Draining
  3274 | D:3      | Found an ancient bone altar of Kikubaaqudgha.
  3483 | D:3      | Found a runed translucent door.
  3484 | D:3      | Noticed Crazy Yiuf
  3682 | D:3      | Reached XP level 6. HP: 49/49 MP: 6/6
  3857 | D:3      | Killed Crazy Yiuf
  3858 | D:3      | Reached skill level 1 in Necromancy
  3883 | D:3      | Learned a level 1 spell: Pain
  3970 | D:4      | Found Woesiamn's Antique Weapon Shoppe.
  4074 | D:4      | Noticed Grinder
  4083 | D:4      | Paralysed by Grinder for 4 turns
  4097 | D:4      | Killed Grinder
  4098 | D:4      | Reached skill level 5 in Fighting
  4098 | D:4      | Reached XP level 7. HP: 44/56 MP: 7/7
  4187 | D:4      | Reached ** piety under Kikubaaqudgha
  4819 | D:4      | Found a staircase to the Ecumenical Temple.
  4825 | Temple   | Entered the Ecumenical Temple
  5069 | D:4      | Found a burning altar of Makhleb.
  5069 | D:4      | Found a sacrificial altar of Ru.
  5098 | D:5      | Entered Level 5 of the Dungeon
  5191 | D:5      | Found a glowing drain.
  5223 | Sewer    | Entered a sewer
  5263 | Sewer    | Reached XP level 8. HP: 64/64 MP: 8/8
  5625 | Sewer    | Reached skill level 5 in Necromancy
  5809 | D:5      | Reached skill level 5 in Dodging
  6211 | D:5      | Identified the amulet "Nishemiq" {RegenMP Drain Fly rC+
                  | Dex+2}
  6889 | D:5      | You are sucked into a shaft and drop 3 floors!
  7157 | D:8      | Reached XP level 9. HP: 66/72 MP: 9/9
  7422 | D:8      | Reached *** piety under Kikubaaqudgha
  7422 | D:8      | Identified Kikubaaqudgha's Tome of Evil Magic
                  | (Kikubaaqudgha gifted it to you on level 8 of the Dungeon)
  7422 | D:8      | Received a gift from Kikubaaqudgha
  8027 | D:6      | Found an iron altar of Okawaru.
  8812 | D:6      | Found Ucroepp's Magic Scroll Shop.
  8822 | D:6      | Bought a scroll of magic mapping for 52 gold pieces
  8822 | D:6      | Bought a scroll of identify for 30 gold pieces
  8822 | D:6      | Bought a scroll of teleportation for 45 gold pieces
  8822 | D:6      | Bought a scroll of teleportation for 45 gold pieces
  8822 | D:6      | Bought a scroll of teleportation for 45 gold pieces
  8853 | D:6      | Learned a level 4 spell: Animate Dead
  8950 | D:6      | Noticed Menkaure
  8959 | D:6      | Killed Menkaure
  9202 | D:6      | Found a sparkling altar of Nemelex Xobeh.
  9202 | D:6      | Found an opulent altar of Gozag.
  9506 | D:7      | Identified the +2 short sword of Sulphur {speed, rElec
                  | Str+3 Int+4}
 10077 | D:7      | Reached XP level 10. HP: 75/82 MP: 10/10
 10610 | D:8      | Found a stormy altar of Qazlal.
 10630 | D:8      | Noticed a two-headed ogre
 10638 | D:8      | Killed a two-headed ogre
 11299 | D:8      | Noticed Pikel
 11319 | D:8      | Killed Pikel
 11382 | D:8      | Noticed Joseph
 11394 | D:8      | Killed Joseph
 11583 | D:9      | Reached **** piety under Kikubaaqudgha
 11656 | D:9      | Noticed a tengu warrior
 11887 | D:9      | Reached skill level 10 in Fighting
 12378 | D:9      | Killed a tengu warrior
 12379 | D:9      | Reached skill level 10 in Necromancy
 12379 | D:9      | Reached XP level 11. HP: 58/92 MP: 11/11
 12701 | D:9      | Noticed a seven-headed hydra
 12723 | D:9      | Noticed a two-headed ogre
 12733 | D:9      | Killed a two-headed ogre
 13898 | D:9      | Killed a seven-headed hydra
 14125 | D:9      | Noticed a green ugly thing
 14136 | D:9      | Killed a green ugly thing
 14384 | D:9      | Noticed a yaktaur captain
 14550 | D:9      | Found a shimmering blue altar of Sif Muna.
 14813 | D:9      | Noticed a tengu warrior
 15149 | D:10     | Entered Level 10 of the Dungeon
 15814 | D:10     | Noticed a two-headed ogre
 15977 | D:10     | Reached skill level 10 in Dodging
 16211 | D:10     | Found a glowing golden altar of the Shining One.
 16214 | D:10     | Found a bloodstained altar of Trog.
 16216 | D:10     | Found a white marble altar of Elyvilon.
 16436 | D:10     | Reached XP level 12. HP: 58/100 MP: 12/12
 16619 | D:10     | Noticed a two-headed ogre
 16777 | D:10     | Mangled by a troll

Illustrated notes

Levels and vault maps discovered:
D:1:      amcnicky_arrival_choice, layout_basic
D:2:      layout_basic
D:3:      layout_basic, amcnicky_altar_gilded, basic_ecumenical_altar,
          uniq_crazy_yiuf_cottage, uniq_natasha
D:4:      layout_rooms, gammafunk_temple_overflow_statue, temple_green,
          serial_shops, nicolae_shop_statue_plus, uniq_grinder
D:5:      layout_layer_cave, gup_sewer_entry_glass, palyth_stone_intersect,
          minmay_misc_feat_rugged, grunt_decor_junction
D:6:      layout_loops_ring, grunt_temple_overflow_opulence,
          overflow_temple_1_default, serial_shops, shop, uniq_menkaure
D:7:      layout_basic
D:8:      layout_basic, lemuel_tele_altar, nicolae_benzene_ring, uniq_pikel,
          uniq_joseph
D:9:      minmay_distorted_concentric_squares, layout_layer_cave,
          kennysheep_orc_sif_temple, minmay_evil_grid
D:10:     minmay_polygon_palace, layout_basic, lemuel_doored_altar,
          grunt_temple_overflow_open, hiddenorc1_lemuel
Temple:   compressed_dpeg_circular_temple

Skill      XL: |  1  2  3  4  5  6  7  8  9 10 11 |
---------------+----------------------------------+-----
Long Blades    | 3 4 |  4.5
Fighting       | 4 5 6 7 8 10 11 | 11.6
Dodging        | 1 2 3 4 5 7 8 10 | 10.1
Armour         | 4 |  4.5
Shields        | 4 |  4.0
Necromancy     | 2 4 6 8 10 11 | 11.6

Action                   |  1- 3 |  4- 6 |  7- 9 | 10-12 || total
-------------------------+-------+-------+-------+-------++-------
Melee: Long sword        |   117 |   105 |       |       ||   222
       Quarterstaff      |       |    31 |   343 |   439 ||   813
Throw: Dart              |       |       |       |     7 ||     7
 Cast: Animate Dead      |       |       |       |     1 ||     1
       Vampiric Draining |       |       |       |     3 ||     3
 Abil: Hop               |       |       |     2 |     8 ||    10
Evoke: Wand              |       |       |       |    22 ||    22
  Use: Potion            |       |       |     3 |     6 ||     9
       Scroll            |       |       |       |    14 ||    14
 Stab: Petrified         |       |     6 |       |     7 ||    13
       Petrifying        |       |     1 |       |     3 ||     4
       Paralysed         |       |       |     1 |     4 ||     5
       Sleeping          |       |       |     1 |     1 ||     2
Armor: Scale mail        |    58 |    70 |   132 |       ||   260
       Steam dragon scal |       |       |    19 |   122 ||   141
       Acid dragon scale |       |       |       |   103 ||   103
Dodge: Dodged            |    49 |    66 |   255 |   443 ||   813
Block: Kite shield       |    72 |    70 |       |       ||   142
       Rpst.: Long sword |    20 |    13 |       |       ||    33

Table legend: (Time is in decaauts)
 A = Elapsed time spent in this place.
 B = Non-inter-level travel time spent in this place.
 C = Inter-level travel time spent in this place.
 D = Time resting spent in this place.
 E = Time spent auto-exploring this place.
 F = Levels seen in this place.
 G = Mean time per level.
                   A        B        C        D        E       F      G
               +--------+--------+--------+--------+--------+-----+--------+
         Total |  18502 |  18178 |    324 |   3023 |  12348 |  12 | 1541.8 |
       Dungeon |  17898 |  17574 |    324 |   3023 |  11929 |  10 | 1789.8 |
        Temple |      1 |      1 |      0 |      0 |      0 |   1 |    1.0 |
         Sewer |    602 |    602 |      0 |      0 |    418 |   1 |  602.0 |
               +--------+--------+--------+--------+--------+-----+--------+

Top non-repeatable levels by time:
     D:9: 3888 daAuts
     D:8: 2183 daAuts
     D:1: 1769 daAuts
     D:5: 1725 daAuts
    D:10: 1722 daAuts
     D:2: 1660 daAuts
     D:6: 1404 daAuts
     D:3: 1337 daAuts
     D:7: 1153 daAuts
     D:4: 1054 daAuts
   Sewer: 602 daAuts
  Temple: 1 daAuts
